 Dungeon Crawl Stone Soup version 0.31-a0-319-g4fced400ed (webtiles) character file.

Game seed: 7539994597322237773

54 mopl the Changeling (level 3, -4/25 HPs)
             Began as an Octopode Shapeshifter on July 18, 2023.
             Slain by Terence
             ... wielding a +1 mace of protection
              (8 damage)
             ... on level 2 of the Dungeon.
             The game lasted 00:00:57 (1048 turns).

mopl the Changeling (Octopode Shapeshifter)         Turns: 1048, Time: 00:00:58

Health: -4/25      AC:  1    Str: 14    XL:     3   Next: 91%
Magic:  3/3        EV: 13    Int: 10    God:
Gold:   69         SH:  0    Dex: 14    Spells: 2/2 levels left

rFire   . .          .
                       - Unarmed
rCold   . . .        (no shield)
rNeg    . . .        (helmet currently unavailable)
rPois   .            (no amulet)
rElec   .            (no ring)
rCorr   .            (no ring)
SInv    .            (no ring)
Will    .....        (no ring)
Stlth   ++           (no ring)
HPRegen 0.24/turn    (no ring)
MPRegen 0.08/turn    (no ring)
                     (no ring)

%: no passive effects
@: beast-form
A: beast (slay +2), almost no armour, amphibious, 8 rings, camouflage 1,
gelatinous body 1, (nimble swimmer 1), tentacles
a: Begin Untransformation


You were on level 2 of the Dungeon.
You were a hulking beast.
You visited 1 branch of the dungeon, and saw 2 of its levels.

You collected 69 gold pieces.

Inventory:

Jewellery
 k - a ring of ice
Talismans
 b - a beast talisman
Wands
 m - a wand of flame (20)
Scrolls
 e - 2 scrolls of identify {unknown}
 f - a scroll of revelation {unknown}
 g - a scroll of noise {unknown}
 h - a scroll of vulnerability {unknown}
 l - a scroll of summoning {unknown}
 n - a scroll of torment {unknown}
Potions
 a - a potion of lignification {!q}
 c - a potion of might {unknown}
 d - a potion of haste {unknown}
 i - a potion of berserk rage {unknown}
 j - a potion of curing {unknown}


   Skills:
 + Level 2.4 Fighting
 + Level 2.3 Dodging
 * Level 2.8 Unarmed Combat
 * Level 3.4 Shapeshifting


You had 2 spell levels left.
You didn't know any spells.
Your spell library was empty.

Dungeon Overview and Level Annotations

Branches:
Dungeon (2/15)

Altars:

Annotations:
D:2 Terence


Innate Abilities, Weirdness & Mutations

You are a hulking beast.
Your limbs bulge with bestial killing power. (Slay +2)
You cannot wear most types of armour.
You are amphibious.
You can wear up to eight rings at the same time.
Your skin changes colour to match your surroundings (Stealth+).
Your rubbery body absorbs attacks. (AC +1, EV +1)
((You are camouflaged when in or above water. (Stealth+)))
You have tentacles for arms and can constrict up to eight enemies at once.


Message History

You tentacle-slap Terence but do no damage.
You grab Terence. You squeeze Terence, but do no damage. You constrict Terence.
Terence barely misses you.
You tentacle-slap Terence but do no damage.
Terence is lightly wounded.
You constrict Terence, but do no damage.
Terence barely misses you.
You barely miss Terence.
Terence is lightly wounded.
You constrict Terence, but do no damage.
Terence hits you with a +1 mace of protection.
You tentacle-slap Terence.
Terence is lightly wounded.
You constrict Terence, but do no damage.
Terence hits you with a +1 mace of protection.
You tentacle-slap Terence but do no damage.
Terence is lightly wounded.
You constrict Terence. Terence closely misses you.
You tentacle-slap Terence but do no damage.
Terence is lightly wounded.
You constrict Terence.
Terence hits you with a +1 mace of protection.
You are too injured to fight recklessly!
You are too injured to fight recklessly!
You tentacle-slap Terence but do no damage.
You squeeze Terence, but do no damage.
Terence is moderately wounded.
You constrict Terence, but do no damage.
Terence hits you with a +1 mace of protection.
* * * LOW HITPOINT WARNING * * *
You tentacle-slap Terence but do no damage.
Terence is moderately wounded.
You constrict Terence, but do no damage.
Terence barely misses you.
You tentacle-slap Terence but do no damage.
Terence is moderately wounded.
You constrict Terence, but do no damage.
Terence bares his teeth.
Terence hits you with a +1 mace of protection!
You die...

#.#########.......)..##
#.# #.........†.. #.#
#......###... #.#
#....†.......
#.#########...........#
#.##..>..........)...##
#.##.######.###_.###.##
#.#...#####............
#.....h@...##.##....###
###...####.##. ###.##
##.## # #.# #.# #.# #..
# # ####


You could see Terence.

Vanquished Creatures
  Jessica (D:2)
  An adder (D:2)
  A worm (D:2)
  2 dart slugs (D:2)
  A bat (D:2)
  An endoplasm (D:1)
  A goblin (D:1)
  2 hobgoblins (D:1)
  A kobold (D:2)
  A ball python (D:2)
  2 rats
14 creatures vanquished.

Notes
Turn   | Place    | Note
-------+----------+-------------------------------------------
     0 | D:1      | mopl the Octopode Shapeshifter began the quest for the Orb.
     0 | D:1      | Reached XP level 1. HP: 14/14 MP: 1/1
   721 | D:2      | Reached XP level 2. HP: 19/19 MP: 2/2
   962 | D:2      | Found a faded altar of an unknown god.
   963 | D:2      | Noticed Jessica
   971 | D:2      | Killed Jessica
   972 | D:2      | Reached XP level 3. HP: 24/25 MP: 3/3
  1034 | D:2      | Noticed Terence
  1048 | D:2      | Slain by Terence

Illustrated notes

Levels and vault maps discovered:
D:1:      heliophobic_arrival_enchanted_forest, layout_basic,
          minmay_strange_pillars
D:2:      layout_loops_ring, hellmonk_ecumenical_altar_lost_god, uniq_terence,
          uniq_jessica

Action                     || total
---------------------------++-------
  Melee: Unarmed           ||    45
         Constrict         ||    10
         Tentacles         ||     7
   Stab: Sleeping          ||     1
 Armour: Skin              ||     4
  Dodge: Dodged            ||    24

Table legend: (Time is in decaauts)
 A = Elapsed time spent in this place.
 B = Non-inter-level travel time spent in this place.
 C = Inter-level travel time spent in this place.
 D = Time resting spent in this place.
 E = Time spent auto-exploring this place.
 F = Levels seen in this place.
 G = Mean time per level.
                   A        B        C        D        E       F      G
               +--------+--------+--------+--------+--------+-----+--------+
         Total |   1050 |   1028 |     22 |      0 |    894 |   2 |  525.0 |
       Dungeon |   1050 |   1028 |     22 |      0 |    894 |   2 |  525.0 |
               +--------+--------+--------+--------+--------+-----+--------+

Top non-repeatable levels by time:
     D:1: 653 daAuts
     D:2: 396 daAuts
